 Dungeon Crawl Stone Soup version 0.24-a0-769-g368c164 (webtiles) character file.

Game seed: 17633953415714709075, levelgen mode: deterministic

83 2tousent the Insei (level 4, -2/35 HPs)
             Began as a Draconian Transmuter on Oct 5, 2019.
             Slain by an orc priest
             ... wielding a +0 club
              (7 damage)
             ... on level 3 of the Dungeon.
             The game lasted 00:07:09 (2363 turns).

2tousent the Insei (Draconian Transmuter)           Turns: 2363, Time: 00:07:10

Health: -2/35      AC:  5    Str: 11 (12) XL:     4   Next: 22%
Magic:  2/7        EV: 17    Int: 10 (13) God:
Gold:   124        SH:  0    Dex: 17 (18) Spells: 4/8 levels left

rFire    . . .     SeeInvis .     - Unarmed
rCold    . . .     Gourm    .   (no shield)
rNeg     . . .     Faith    .   (armour unavailable)
rPois    .         Spirit   .   (helmet restricted)
rElec    .         Reflect  .   (no cloak)
rCorr    .         Harm     .   (no gloves)
MR       .....                  (no boots)
Stlth    +++.......             (no amulet)
HPRegen  0.11/turn              (no ring)
MPRegen  0.10/turn              (no ring)

@: agile
A: unfitting armour, cold-blooded, AC +5
a: no special abilities


You were on level 3 of the Dungeon.
You were hungry.

You visited 1 branch of the dungeon, and saw 3 of its levels.

You collected 124 gold pieces.

Inventory:

Missiles
 a - 43 arrows
Wands
 o - a wand of iceblast (12)
Scrolls
 b - a scroll of noise {unknown}
 d - 3 scrolls of teleportation {unknown}
 e - a scroll of remove curse {unknown}
 f - 2 scrolls of fog {unknown}
 k - 2 scrolls of identify {unknown}
 p - a scroll of magic mapping {unknown}
Potions
 g - a potion of curing
 m - a potion of berserk rage {unknown}
Comestibles
 c - 6 rations


   Skills:
 - Level 1.1 Fighting
 - Level 1.7 Dodging
 * Level 3.9 Unarmed Combat
 + Level 2.5 Spellcasting
 * Level 3.1 Transmutations
 + Level 0.7 Poison Magic


You had 4 spell levels left.
You knew the following spells:

 Your Spells              Type           Power        Failure   Level  Hunger
a - Beastly Appendage     Tmut           #.....       9%          1    ##.....
b - Spider Form           Tmut/Pois      #.........   38%         3    ####...

Your spell library contained the following spells:

 Spells                   Type           Power        Failure   Level  Hunger
 Sticks to Snakes         Tmut           #.......     12%         2    ###....
 Ice Form                 Ice/Tmut       #.......     83%         4    #####..
 Blade Hands              Tmut           #.........   92%         5    ######.


Dungeon Overview and Level Annotations

Branches:
Dungeon (3/15)

Altars:
The Shining One


Innate Abilities, Weirdness & Mutations

Your plain brown scales are hard. (AC +5)
You cannot fit into any form of body armour.
You are cold-blooded and may be slowed by cold attacks.


Message History

It was a potion of cancellation.
Your magical effects are unravelling.
You feel magically purged.
Your magical contamination has completely faded away.
Your talons disappear.
It was a potion of agility.
You feel agile all of a sudden. The orc priest barely misses you.
You completely miss the orc priest.
You tail-slap the orc priest, but do no damage.
The orc priest hits you but does no damage.
You hit the orc priest but do no damage.
The orc priest completely misses you.
You hit the orc priest but do no damage.
Your tail-slap misses the orc priest.
The orc priest miscasts a cantrip.
The orc priest hits you with a +0 club!
* * * LOW HITPOINT WARNING * * *
You closely miss the orc priest. The orc priest hits you with a +0 club!
You die...

.#.#.#. .#...[..#...##
[...... ..............
....... #....#.###..###
....... #.#..#.....<...
#...... .........#.....
.......###.#....#.#...).
#....o..........######
#o##.####.#.......
#@##.#............
#.##...####'######
#............#
#............#
#............#
...#............#
#.>.........#####
#...........# ####
#...........#########


You could see 2 orc priests.

Vanquished Creatures
  2 adders
  A dart slug (D:2)
  3 leopard geckos
  2 orcs (D:3)
  10 bats
  3 giant cockroaches (D:1)
  14 goblins
  7 hobgoblins
  4 jackals (D:1)
  A frilled lizard (D:1)
  5 kobolds
  4 rats
56 creatures vanquished.

Notes
Turn   | Place    | Note
-------+----------+-------------------------------------------
     0 | D:1      | 2tousent the Draconian Transmuter began the quest for the
                  | Orb.
     0 | D:1      | Reached XP level 1. HP: 16/16 MP: 3/3
   191 | D:1      | Reached XP level 2. HP: 16/23 MP: 5/5
   741 | D:1      | Reached XP level 3. HP: 24/28 MP: 4/6
   771 | D:1      | Learned a level 3 spell: Spider Form
  1256 | D:2      | Found a glowing golden altar of the Shining One.
  1981 | D:3      | Reached XP level 4. HP: 35/35 MP: 7/7
  2363 | D:3      | Slain by an orc priest

Levels and vault maps discovered:
D:1:      erik_arrival_cave_to_civilisation [erik_arrival_cave_to_hall],
          layout_loops_corners
D:2:      layout_loops_ring, tso_metal_star
D:3:      layout_basic, first_ration

Skill      XL: |  1  2  3 |
---------------+----------+-----
Transmutations | 3 |  3.1
Fighting       | |  1.1
Dodging        | |  1.7
Unarmed Combat | |  3.9
Spellcasting   | |  2.5
Poison Magic   | |  0.7

Action                   |  1- 3 |  4- 6 || total
-------------------------+-------+-------++-------
Melee: Unarmed           |   190 |    49 ||   239
       Tailslap          |    11 |     6 ||    17
       Kick              |     9 |     5 ||    14
       Headbutt          |     4 |     1 ||     5
       Punch             |     2 |     1 ||     3
 Cast: Beastly Appendage |    10 |     3 ||    13
       Spider Form       |     4 |     1 ||     5
  Use: Potion            |       |     5 ||     5
  Eat: Chunk             |     2 |     1 ||     3
       Ration            |     1 |       ||     1
Armor: Skin              |    61 |    12 ||    73
Dodge: Dodged            |   132 |    25 ||   157

Table legend:
 A = Non-vault XP
 B = Vault XP
 C = Vault XP percentage of total XP
 D = Non-vault monster count
 E = Vault monster count
 F = Vault count percentage of total count
                 A         B        C        D         E       F
            +---------+---------+-------+---------+---------+-------
      Total |     119 |       0 |   0.0 |      53 |       0 |   0.0
            +---------+---------+-------+---------+---------+-------
        D:1 |      45 |       0 |   0.0 |      27 |       0 |   0.0
        D:2 |      51 |       0 |   0.0 |      20 |       0 |   0.0
        D:3 |      23 |       0 |   0.0 |       6 |       0 |   0.0
            +---------+---------+-------+---------+---------+-------
